 Dungeon Crawl Stone Soup version 0.23-a0-644-gb60d84b635 (webtiles) character file.

907 Adamkad1 the Skirmisher (level 7, -3/56 HPs)
             Began as a Mummy Fighter on Jan 1, 2019.
             Slain by Pikel
             ... wielding a +1 whip of electrocution
              (12 damage)
             ... on level 6 of the Dungeon.
             The game lasted 00:05:18 (4719 turns).

Adamkad1 the Skirmisher (Mummy Fighter)             Turns: 4719, Time: 00:05:18

Health: -3/56      AC:  7    Str: 21    XL:     7   Next: 81%
Magic:  7/7        EV:  7    Int:  8    God:
Gold:   350        SH: 10    Dex: 11    Spells: 6/6 levels left

rFire    x . .     SeeInvis .   i - +3 whip (elec)
rCold    + . .     Gourm    .   c - +0 shield
rNeg     + + +     Faith    .   b - +0 scale mail
rPois    ∞         Spirit   .   (no helmet)
rElec    .         Reflect  .   (no cloak)
rCorr    .         Harm     .   (no gloves)
MR       .....                  (no boots)
Stlth    ..........             (no amulet)
HPRegen  0.18/turn              (no ring)
MPRegen  0.10/turn              (no ring)

@: no status effects
A: no food or potions, fire vulnerability, cold resistance 1, negative energy
resistance 3, torment resistance, unbreathing
a: no special abilities


You were on level 6 of the Dungeon.
You were not hungry.

You visited 2 branches of the dungeon, and saw 7 of its levels.

You collected 350 gold pieces.

Inventory:

Hand Weapons
 a - a +0 flail
 i - a +3 whip of electrocution (weapon)
Armour
 b - a +0 scale mail (worn)
 c - a +0 shield (worn)
Jewellery
 o - an uncursed ring of wizardry {unknown}
Wands
 l - a wand of paralysis (12)
 n - a wand of disintegration (12)
Scrolls
 d - a scroll of amnesia {unknown}
 e - 4 scrolls of remove curse {unknown}
 f - 6 scrolls of identify {unknown}
 g - 2 scrolls of enchant weapon {unknown}
 h - 2 scrolls of blinking {unknown}
 j - a scroll of fear {unknown}
 k - 2 scrolls of magic mapping {unknown}
 m - a scroll of immolation {unknown}
 p - a scroll of fog {unknown}


   Skills:
 * Level 5.5 Fighting
 + Level 3.2 Maces & Flails
 * Level 4.6 Armour
 * Level 4.6 Shields


You had 6 spell levels left.
You didn't know any spells.
Your spell library was empty.

Dungeon Overview and Level Annotations

Branches:
Dungeon (6/15)             Temple (1/1) D:4

Altars:
Ashenzari
Cheibriados
Dithmenos
Elyvilon
Fedhas
Hepliaklqana
Kikubaaqudgha
Makhleb
Nemelex Xobeh
Okawaru
Qazlal
Ru
Sif Muna
Trog
Uskayaw
Vehumet
Wu Jian
Xom
Zin
The Shining One

Shops:
D:4 %   D:5 =(!

Annotations:
D:6 Pikel


Innate Abilities, Weirdness & Mutations

You do not eat or drink.
Your flesh is vulnerable to fire.
You are immune to poison.
Your flesh is cold resistant. (rC+)
You are immune to negative energy. (rN+++)
You are immune to unholy pain and torment.
You can survive without breathing.


Message History

Pikel is heavily wounded.
Pikel hits you with a +1 whip of electrocution.
* * * LOW HITPOINT WARNING * * *
You hit Pikel but do no damage.
Pikel is heavily wounded.
Pikel hits you but does no damage.
You barely miss Pikel.
Pikel is heavily wounded.
Pikel barely misses you.
Your shield and scale mail prevent you from hitting Pikel.
Pikel is heavily wounded.
You block Pikel's attack.
You hit Pikel but do no damage. Lightning courses through Pikel!
Pikel is severely wounded.
You closely miss Pikel.
Pikel is severely wounded.
Pikel hits you with a +1 whip of electrocution.
* * * LOW HITPOINT WARNING * * *
Pikel hits you but does no damage.
You are electrocuted!
You die...

####### #pK@..#
#####
#p###.##########...#
# #...........###.
##########(## ##
#....(.# # ###
#.####.## ## ..# #.#
##.###. #.###.#
##...# #.....####
##.##


You could see Pikel and 2 slaves.

Vanquished Creatures
  A slave (D:6)
  A centaur (D:5)
  A scorpion (D:4)
  2 crimson imps (D:5)
  A bullfrog zombie (D:6)
  A centaur zombie (D:3)
  2 orc priests (D:5)
  2 bullfrog skeletons
  A hound (D:5)
  4 orc wizards
  A gnoll shaman (D:5)
  Jessica (D:3)
  5 worker ants
  4 gnolls (D:5)
  8 adders
  An ooze (D:2)
  3 worms (D:4)
  2 dart slugs (D:2)
  2 leopard geckos
  14 orcs
  A ball python (D:4)
  8 bats
  6 giant cockroaches
  6 goblins
  5 hobgoblins
  13 kobolds
  7 quokkas
  3 frilled lizards
  A leopard gecko skeleton (D:5)
  7 rats
114 creatures vanquished.

Notes
Turn   | Place    | Note
-------+----------+-------------------------------------------
     0 | D:1      | Adamkad1 the Mummy Fighter began the quest for the Orb.
     0 | D:1      | Reached XP level 1. HP: 18/18 MP: 1/1
   230 | D:1      | Reached XP level 2. HP: 19/24 MP: 2/2
   817 | D:2      | Reached XP level 3. HP: 23/29 MP: 3/3
  1073 | D:2      | Reached XP level 4. HP: 15/37 MP: 4/4
  1363 | D:2      | Found a burning altar of Makhleb.
  1363 | D:2      | Found an iron altar of Okawaru.
  1752 | D:3      | Noticed Jessica
  2012 | D:3      | Reached XP level 5. HP: 38/42 MP: 5/5
  2186 | D:2      | Reached skill level 4 in Fighting
  2409 | D:3      | Killed Jessica
  2596 | D:3      | Reached XP level 6. HP: 49/49 MP: 6/6
  2856 | D:4      | Found Paph's Food Shop.
  3125 | D:4      | Found a staircase to the Ecumenical Temple.
  3163 | Temple   | Entered the Ecumenical Temple
  3587 | D:5      | Entered Level 5 of the Dungeon
  3591 | D:5      | Reached XP level 7. HP: 48/55 MP: 7/7
  3632 | D:5      | Found Huink's Distillery.
  3691 | D:5      | Reached skill level 5 in Fighting
  3706 | D:5      | Found Meneoj's Antique Weapon Boutique.
  4271 | D:5      | Found Loxylif's Jewellery Boutique.
  4696 | D:6      | Noticed Pikel
  4719 | D:6      | Slain by Pikel

Vault maps used:
D:1:      kilobyte_arrival_exit_the_forest
D:2:      gammafunk_temple_overflow_wave, st_stairs_1
D:3:      grunt_ministairs_9, uniq_jessica
D:4:      minmay_temple_entry_purple_smoke, serial_shops, shop_fountains
D:5:      first_ration, serial_shops, nicolae_shop_window_shopping, shop,
          shop_fountains
D:6:      ebering_ghost_reflecting_pool, uniq_pikel
Temple:   hc_temple_tempest_star

Skill      XL: |  1  2  3  4  5  6  7 |
---------------+----------------------+-----
Maces & Flails | 2 3 |  3.2
Armour         | 3 4 |  4.6
Shields        | 3 4 |  4.6
Fighting       | 4 5 |  5.5

Action                   |  1- 3 |  4- 6 |  7- 9 || total
-------------------------+-------+-------+-------++-------
Melee: Flail             |   112 |    93 |       ||   205
       Whip              |       |   121 |   103 ||   224
Armor: Scale mail        |    73 |    89 |    24 ||   186
Dodge: Dodged            |    75 |    64 |    20 ||   159
Block: Shield            |    88 |   108 |    37 ||   233

Table legend:
 A = Non-vault XP
 B = Vault XP
 C = Vault XP percentage of total XP
 D = Non-vault monster count
 E = Vault monster count
 F = Vault count percentage of total count
                 A         B        C        D         E       F
            +---------+---------+-------+---------+---------+-------
      Total |    1216 |      80 |   6.2 |     108 |       5 |   4.4
            +---------+---------+-------+---------+---------+-------
        D:1 |      30 |       0 |   0.0 |      17 |       0 |   0.0
        D:2 |     179 |      10 |   5.3 |      27 |       3 |  10.0
        D:3 |     140 |      70 |  33.3 |      26 |       2 |   7.1
        D:4 |     210 |       0 |   0.0 |      12 |       0 |   0.0
        D:5 |     608 |       0 |   0.0 |      24 |       0 |   0.0
        D:6 |      49 |       0 |   0.0 |       2 |       0 |   0.0
            +---------+---------+-------+---------+---------+-------
